 Dungeon Crawl Stone Soup version 0.29-a0-284-gf9362112df (webtiles) character file.

Game seed: 15562242332836503222

5483 jjjjhere the Cleaver (level 10, -2/76 HPs)
             Began as a Demonspawn Gladiator on Mar 19, 2022.
             Was a Believer of Makhleb.
             Slain by a rakshasa
             ... wielding a +3 eveningstar of protection
              (10 damage)
             ... on level 8 of the Dungeon.
             The game lasted 00:15:27 (10910 turns).

jjjjhere the Cleaver (Demonspawn Gladiator)        Turns: 10910, Time: 00:15:27

Health: -2/76      AC: 17    Str: 16    XL:     10   Next: 42%
Magic:  0/10       EV:  9    Int: 10    God:    Makhleb [**....]
Gold:   430        SH:  4    Dex: 29    Spells: 9/9 levels left

rFire   . . .      SeeInvis .   K - +0 demon whip (freeze)
rCold   + . .      Faith    .   (no shield)
rNeg    + . .      Spirit   +   h - +0 chain mail
rPois   +          Reflect  .   (helmet restricted)
rElec   .          Harm     .   (no cloak)
rCorr   .          Rampage  .   (no gloves)
Will    .....                   u - +1 pair of boots
Stlth   ..........              P - amulet of Satuuz {Spirit rC+ rN+ Str-2 Dex+8}
HPRegen 0.22/turn               D - +6 ring of dexterity
MPRegen 0.12/turn               x - ring of poison resistance

@: no status effects
A: horns 2, icemail 1, condensation shield
a: Renounce Religion, Minor Destruction


You were on level 8 of the Dungeon.
You worshipped Makhleb.
Makhleb was pleased with you.
You visited 2 branches of the dungeon, and saw 9 of its levels.
You also visited: Sewer.

You collected 430 gold pieces.

Inventory:

Hand Weapons
 y - a +1 war axe of freezing
 C - a +4 dire flail of protection
 I - a +1 trident of protection
 K - a +0 demon whip of freezing (weapon)
Missiles
 e - a javelin (quivered)
 f - 48 poisoned darts
 G - a throwing net
Armour
 b - a +0 leather armour
 c - a +0 helmet
 h - a +0 chain mail (worn)
 u - a +1 pair of boots (worn)
Jewellery
 d - an amulet of guardian spirit
 x - a ring of poison resistance (right hand)
 D - a +6 ring of dexterity (left hand)
 P - the amulet of Satuuz (around neck) {Spirit rC+ rN+ Str-2 Dex+8}
   (You took it off an orc warrior on level 8 of the Dungeon)

   [amulet of guardian spirit]

   It causes incoming damage to be divided between your reserves of health and
   magic.
   Str:       It affects your strength (-2).
   Dex:       It affects your dexterity (+8).
   rC:        It protects you from cold.
   rN:        It protects you from negative energy.
Wands
 B - a wand of flame (7)
 N - a wand of iceblast (5)
 O - a wand of paralysis (7)
Scrolls
 g - a scroll of vulnerability {unknown}
 j - 2 scrolls of fog
 k - 2 scrolls of enchant weapon
 m - 4 scrolls of blinking
 n - a scroll of enchant armour {unknown}
 p - a scroll of summoning {unknown}
 q - 3 scrolls of immolation
 w - 2 scrolls of teleportation
 A - a scroll of brand weapon {unknown}
 H - 3 scrolls of fear {unknown}
 L - a scroll of torment {unknown}
 M - a scroll of acquirement {unknown}
Potions
 a - 2 potions of flight
 i - 2 potions of haste
 l - a potion of cancellation {unknown}
 o - 2 potions of mutation {unknown}
 r - 2 potions of brilliance
 s - 3 potions of curing
 t - 3 potions of heal wounds {unknown}
 v - 3 potions of degeneration {unknown}
 z - 3 potions of magic {unknown}
 E - a potion of berserk rage {unknown}
 F - a potion of resistance
 J - a potion of might {unknown}


   Skills:
 - Level 6.1 Fighting
 - Level 8.6(9.8) Axes
 + Level 7.2(9.1) Maces & Flails
 - Level 1.7 Throwing
 + Level 7.5 Armour
 - Level 2.6 Dodging


You had 9 spell levels left.
You didn't know any spells.
Your spell library contained the following spells:

 Spells                   Type           Power      Damage    Failure   Level
 Magic Dart               Conj           0%         1d3       99%         1
 Summon Small Mammal      Summ           0%         N/A       99%         1
 Call Imp                 Summ           0%         N/A       100%        2
 Call Canine Familiar     Summ           0%         N/A       100%        3
 Mephitic Cloud           Conj/Pois/Air  0%         N/A       100%        3
 Summon Guardian Golem    Hex/Summ       0%         N/A       100%        3


Dungeon Overview and Level Annotations

Branches:
Dungeon (8/15)             Temple (1/1) D:5           Sewer (visited)
   Lair: D:8-11

Altars:
Ashenzari
Cheibriados
Dithmenos
Elyvilon
Fedhas
Gozag
Hepliaklqana
Kikubaaqudgha
Makhleb
Nemelex Xobeh
Okawaru
Qazlal
Ru
Sif Muna
Trog
Uskayaw
Vehumet
Wu Jian
Xom
Yredelemnul
Zin
The Shining One

Shops:
D:7 =

Annotations:
D:4 1 runed translucent door, siradein's ghost, amateur GnWn
D:5 2 runed translucent doors, dracfodder's ghost, novice GrFE


Innate Abilities, Weirdness & Mutations

You have a pair of horns on your head.
A meltable icy envelope protects you from harm. (AC +4)
A meltable shield of frost defends you. (SH +4)


Message History

The rakshasa is moderately wounded.
You miss the rakshasa.
You headbutt the rakshasa, but do no damage.
The rakshasa is moderately wounded.
The rakshasa hits you with a +3 eveningstar of protection!
You hit the rakshasa but do no damage. Your headbutt misses the rakshasa.
The rakshasa is moderately wounded.
You closely miss the rakshasa.
The rakshasa is moderately wounded.
The rakshasa hits you with a +3 eveningstar of protection!
* * * LOW HITPOINT WARNING * * *
You hit the rakshasa. You freeze the rakshasa.
Your headbutt misses the rakshasa.
The rakshasa is moderately wounded.
The rakshasa completely misses you.
You miss the rakshasa.
The rakshasa is moderately wounded.
You whack the rakshasa! You freeze the rakshasa.
You punch the rakshasa, but do no damage.
The rakshasa is heavily wounded.
The injured rakshasa weaves a defensive illusion!
The rakshasa gestures at you. The lance of force misses you.
You hit the rakshasa. You freeze the rakshasa. You headbutt the rakshasa.
The rakshasa is almost dead.
The rakshasa blinks!
You hit the rakshasa but do no damage.
You headbutt the rakshasa, but do no damage.
The rakshasa is heavily wounded.
You whack the rakshasa! You freeze the rakshasa.
The rakshasa is almost dead.
The rakshasa hits you with a +3 eveningstar of protection.
* * * LOW HITPOINT WARNING * * *
The rakshasa hits you with a +3 eveningstar of protection.
* * * LOW HITPOINT WARNING * * *
You barely miss the rakshasa. You headbutt the rakshasa.
You kill the rakshasa!
The rakshasa shimmers and vanishes!
The rakshasa hits you with a +3 eveningstar of protection!
You die...

#.##.#.#.#.## #...
#.#...#.#...# # #..#
#.##.#..)#.## .# #...
##.#####[#########.# #..#
#..#.......).#....# #...
#..#.#######.#...# #...
#..#......#.(#...# #...
#..#..#####..#...# #...
#..#...#..@..)).# #..#
#..#...###.R.#(.# #..#
#..#.....#R..#.#.# #..#
#..##...##..##.# .. #..#
#..##...#...# #. ... #.(#
#..#####################..#
#................)........#
#..............[..........#
###########################


You could see 2 rakshasas.

Vanquished Creatures
  A rakshasa (D:8)
  A harpy (shapeshifter) (D:8)
  A kobold demonologist (D:8)
  Sigmund (D:2)
  A wyvern (D:8)
  A yak (D:7)
  3 steam dragons
  Edmund (D:5)
  3 water moccasins
  3 orc warriors
  A sky beast (D:6)
  A black bear (D:5)
  2 ogres
  3 centaurs
  4 kobold brigands
  Blork the orc (D:6)
  7 bullfrogs
  A necrophage (D:5)
  A scorpion (D:4)
  5 wights (D:8)
  A howler monkey (D:4)
  4 jellies
  3 hounds
  4 orc priests (D:8)
  6 iguanas
  2 orc wizards
  A mummy (D:5)
  3 gnolls (D:5)
  7 adders
  A shadow imp (D:5)
  2 white imps
  An ufetubus (D:6)
  3 worms
  5 dart slugs
  18 orcs
  6 endoplasms
  12 giant cockroaches
  7 hobgoblins
  24 kobolds
  5 quokkas
  13 ball pythons
  5 bats
  10 frilled lizards
  5 goblins
  2 hobgoblin zombies (D:5)
  A kobold zombie (D:5)
  An orc zombie (D:5)
  5 rats
199 creatures vanquished.

Vanquished Creatures (others)
  A kobold brigand (D:8)
  An adder (D:6)
  3 kobolds (D:8)
  3 plants (D:2)
8 creatures vanquished.

Grand Total: 207 creatures vanquished

Notes
Turn   | Place    | Note
-------+----------+-------------------------------------------
     0 | D:1      | jjjjhere the Demonspawn Gladiator began the quest for the
                  | Orb.
     0 | D:1      | Reached XP level 1. HP: 16/16 MP: 1/1
   199 | D:1      | Reached skill level 3 in Axes
   264 | D:1      | HP: 5/16 [frozen (3)]
   267 | D:1      | Gained mutation: You have a pair of small horns on your
                  | head. [demonic ancestry]
   267 | D:1      | Reached XP level 2. HP: 7/22 MP: 2/2
  1188 | D:2      | Gained mutation: A meltable shield of frost defends you.
                  | (SH +4) [demonic ancestry]
  1188 | D:2      | Reached XP level 3. HP: 20/28 MP: 3/3
  1274 | D:2      | Found a shimmering altar of Xom.
  1743 | D:2      | Noticed Sigmund
  1751 | D:2      | Killed Sigmund
  1752 | D:2      | Reached skill level 4 in Axes
  1752 | D:2      | Reached XP level 4. HP: 37/37 MP: 4/4
  1752 | D:2      | Gained mutation: A meltable icy envelope protects you from
                  | harm. (AC +4) [demonic ancestry]
  1752 | D:2      | Reached XP level 5. HP: 42/42 MP: 5/5
  1903 | D:2      | Found a faded altar of an unknown god.
  1996 | D:3      | Reached skill level 5 in Axes
  2374 | D:3      | Found a shimmering altar of Xom.
  2760 | D:4      | Identified the +3 spear "Demonslayer" {flame, rCorr}
  3086 | D:4      | Reached XP level 6. HP: 48/48 MP: 6/6
  3096 | D:4      | Noticed siradein's ghost (amateur GnWn)
  3099 | D:4      | Found a runed translucent door.
  3268 | D:4      | Found a glowing drain.
  3277 | Sewer    | Entered a sewer
  3551 | Sewer    | Reached skill level 6 in Axes
  3559 | Sewer    | Gained mutation: You have a pair of horns on your head.
                  | [demonic ancestry]
  3559 | Sewer    | Reached XP level 7. HP: 29/55 MP: 7/7
  4245 | D:5      | Entered Level 5 of the Dungeon
  4254 | D:5      | Reached skill level 5 in Fighting
  4526 | D:5      | Noticed Edmund
  4534 | D:5      | Reached skill level 7 in Axes
  4543 | D:5      | Killed Edmund
  4763 | D:5      | Found a large runed translucent door.
  4763 | D:5      | Found a large runed translucent door.
  4765 | D:5      | Noticed dracfodder's ghost (novice GrFE)
  4926 | D:5      | Reached XP level 8. HP: 59/64 MP: 8/8
  5066 | D:5      | Found a staircase to the Ecumenical Temple.
  5084 | Temple   | Entered the Ecumenical Temple
  5252 | Temple   | Became a worshipper of Makhleb the Destroyer
  6065 | D:6      | Reached skill level 8 in Axes
  6104 | D:6      | Reached skill level 1 in Armour
  6104 | D:6      | HP: 19/64 [sky beast (5)]
  6793 | D:6      | Noticed Blork the orc
  6804 | D:6      | Killed Blork the orc
  6805 | D:6      | Reached skill level 1 in Maces & Flails
  7284 | D:7      | Reached XP level 9. HP: 66/69 MP: 9/9
  7333 | D:7      | Reached * piety under Makhleb
  7739 | D:7      | Found Seqof's Jewellery Boutique.
  8590 | D:7      | Reached skill level 5 in Armour
  8817 | D:8      | Reached ** piety under Makhleb
  9014 | D:8      | Reached skill level 5 in Maces & Flails
  9870 | D:8      | HP: 20/69 [steam dragon] (11)]
  9874 | D:8      | HP: 9/69 [kobold brigand/+3 dagger of holy wrath (8)]
  9882 | D:8      | HP: 15/69 [kobold brigand/+0 dagger (1)]
  9887 | D:8      | Reached XP level 10. HP: 21/76 MP: 3/10
 10258 | D:8      | Noticed a rakshasa
 10277 | D:8      | Killed a rakshasa
 10437 | D:8      | Noticed a harpy
 10447 | D:8      | Noticed a sixfirhy
 10448 | D:8      | Killed a harpy
 10453 | D:8      | HP: 20/76 [sixfirhy[a kobold demonologist] (11)]
 10454 | D:8      | HP: 7/76 [sixfirhy[a kobold demonologist] (10)]
 10776 | D:8      | Identified the amulet of Satuuz {Spirit rC+ rN+ Str-2
                  | Dex+8}
 10887 | D:8      | Noticed a rakshasa
 10901 | D:8      | HP: 25/76 [rakshasa/+3 eveningstar of protection (14)]
 10909 | D:8      | HP: 12/76 [rakshasa/+3 eveningstar of protection (5)]
 10910 | D:8      | Slain by a rakshasa

Illustrated notes

Levels and vault maps discovered:
D:1:      dpeg_arrival_tiny_c, layout_basic
D:2:      layout_basic, chequers_ecumenical_altar_lobes, basic_altar,
          uniq_sigmund
D:3:      layout_loops_ring, mainiacjoe_overflow_alcove_1, nrook_mini_vaults,
          grunt_ministairs_6, minmay_misc_feat_nine_boxes
D:4:      cheibrodos_quashed, layout_loops_corners,
          hellmonk_ghost_happy_afterlife, cheibrodos_sewer_entry_sluice
D:5:      layout_rooms, minmay_temple_entry_mist, ebering_ghost_disaster_area,
          chequers_avenue, minmay_misc_feat_room, st_stairs_7,
          minmay_mini_ossuary, uniq_edmund
D:6:      layout_basic, columned_hall_lemuel, uniq_blork_the_orc
D:7:      nicolae_cairo_tiling, layout_basic, serial_shops,
          nicolae_shop_statue_plus
D:8:      layout_rooms, minmay_the_grid_2x2 [minmay_the_grid_diamond_grid,
          minmay_the_grid_zigzag_pyramid, minmay_the_grid_expand,
          minmay_the_grid_prize_trominoes]
Temple:   mainiacjoe_temple_hex_bubbles

Skill      XL: |  1  2  3  4  5  6  7  8  9 10 |
---------------+-------------------------------+-----
Axes           | 3 4 5 6 7 8 |  8.6
Fighting       | 3 4 5 6 |  6.1
Armour         | 3 6 7 |  7.5
Maces & Flails | 2 6 7 |  7.2
Throwing       | |  1.7
Dodging        | |  2.6

Action                   |  1- 3 |  4- 6 |  7- 9 | 10-12 || total
-------------------------+-------+-------+-------+-------++-------
Melee: War axe           |    59 |   158 |   136 |       ||   353
       Headbutt          |     5 |    19 |    84 |    25 ||   133
       Demon whip        |       |       |   235 |    77 ||   312
       Punch             |       |       |     5 |     2 ||     7
Throw: Throwing net      |     1 |       |     3 |       ||     4
Evoke: Wand              |       |       |     3 |       ||     3
  Use: Scroll            |       |       |     7 |     1 ||     8
       Potion            |       |       |     2 |     2 ||     4
 Stab: Held in net/web   |     1 |       |     2 |       ||     3
Armor: Leather armour    |     6 |       |       |       ||     6
       Chain mail        |    40 |   122 |   200 |    33 ||   395
Dodge: Dodged            |    31 |    71 |   107 |    30 ||   239
Block: Other             |       |    28 |    53 |     8 ||    89

Table legend: (Time is in decaauts)
 A = Elapsed time spent in this place.
 B = Non-inter-level travel time spent in this place.
 C = Inter-level travel time spent in this place.
 D = Time resting spent in this place.
 E = Time spent auto-exploring this place.
 F = Levels seen in this place.
 G = Mean time per level.
                   A        B        C        D        E       F      G
               +--------+--------+--------+--------+--------+-----+--------+
         Total |  10948 |  10601 |    347 |   2002 |   6852 |  10 | 1094.8 |
       Dungeon |  10249 |   9912 |    337 |   1850 |   6609 |   8 | 1281.1 |
        Temple |    178 |    168 |     10 |      0 |    162 |   1 |  178.0 |
         Sewer |    520 |    520 |      0 |    152 |     81 |   1 |  520.0 |
               +--------+--------+--------+--------+--------+-----+--------+

Top non-repeatable levels by time:
     D:7: 2222 daAuts
     D:8: 1667 daAuts
     D:5: 1333 daAuts
     D:6: 1195 daAuts
     D:4: 1097 daAuts
     D:1: 1079 daAuts
     D:2: 927 daAuts
     D:3: 727 daAuts
   Sewer: 520 daAuts
  Temple: 178 daAuts
